 Dungeon Crawl Stone Soup version 0.18-a0-1197-g8004e50 (webtiles) character file.

3852 Shaidar413 the Grappler (level 9, 0/88 HPs)
             Began as a Troll Berserker on Jan 31, 2016.
             Was a High Priest of Trog.
             Slain by an unseen horror (2 damage)
             ... on level 9 of the Dungeon.
             The game lasted 00:25:42 (6815 turns).

Shaidar413 the Grappler (Troll Berserker)           Turns: 6815, Time: 00:25:42

Health: 0/88       AC: 14    Str: 30    XL:     9   Next: 99%
Magic:  8/8        EV: 12    Int:  3    God:    Trog [*****.]
Gold:   450        SH:  0    Dex:  9    Spells: 0 memorised, 8 levels left

rFire  . . .     SeeInvis .       - Unarmed
rCold  . . .     Gourm    +     a - +2 animal skin
rNeg   . . .     Faith    .     (no shield)
rPois  .         Spirit   .     (helmet restricted)
rElec  .         Dismiss  .     (no cloak)
rCorr  .         Reflect  .     (gloves unavailable)
SustAt .         Harm     .     (boots unavailable)
MR     .....                    (no amulet)
Stlth  +.........               z - +4 ring of protection
                                m - +3 ring of protection

@: flying, drained, not resistant to hostile enchantments, very unstealthy
A: unfitting armour, claws 3, fast metabolism 3, gourmand, regeneration 2,
shaggy fur 1, tough skin 2
a: Berserk, Trog's Hand, Brothers in Arms, Burn Spellbooks, Renounce Religion


You were on level 9 of the Dungeon.
You worshipped Trog.
Trog was extremely pleased with you.
You were not hungry.

You visited 2 branches of the dungeon, and saw 10 of its levels.
You also visited: Ossuary.

You collected 450 gold pieces.

Inventory:

Armour
 a - a +2 animal skin (worn)
 q - a +0 robe
Jewellery
 c - a cursed ring of loudness
 m - a +3 ring of protection (left claw)
 z - a +4 ring of protection (right claw)
 I - a +5 ring of evasion {unknown}
 K - a cursed ring of loudness
Wands
 i - a wand of slowing (25/48)
 J - a wand of disintegration (13/24)
 L - a wand of random effects (24/48)
Scrolls
 e - 3 scrolls of fog
 g - 2 scrolls of enchant weapon {unknown}
 h - 2 scrolls of teleportation
 j - 5 scrolls of remove curse {unknown}
 l - 2 scrolls of fear {unknown}
 r - a scroll of recharging {unknown}
 u - 2 scrolls of magic mapping {unknown}
 y - 5 scrolls of random uselessness {unknown}
 C - 2 scrolls of noise {unknown}
 G - a scroll of blinking {unknown}
 H - a scroll of summoning {unknown}
Potions
 d - 3 potions of might
 f - 6 potions of ambrosia
 k - a potion of brilliance {unknown}
 n - 4 potions of mutation
 o - a potion of agility {unknown}
 s - 3 potions of lignification {unknown}
 t - 6 potions of curing
 v - 9 potions of poison
 A - 2 potions of haste {unknown}
 B - a potion of magic {unknown}
 D - 3 potions of berserk rage
 E - 2 potions of flight
 F - a potion of cancellation {unknown}
Comestibles
 b - 8 bread rations
 p - a royal jelly
 w - 2 meat rations


   Skills:
 + Level 5.5(4.8) Fighting
 + Level 8.3(7.6) Dodging
 + Level 1.6(1.0) Stealth
 + Level 9.2(8.5) Unarmed Combat


You had 8 spell levels left.
You didn't know any spells.

Dungeon Overview and Level Annotations

Branches:
Dungeon (9/15)             Temple (1/1) D:7             Orc (0/2) D:9
   Lair: D:8-11

Altars:
Ashenzari
Cheibriados
Dithmenos
Elyvilon
Fedhas
Gozag
Kikubaaqudgha
Makhleb
Nemelex Xobeh
Okawaru
Pakellas
Qazlal
Ru
Sif Muna
Trog
Vehumet
Xom
Yredelemnul
Zin
The Shining One


Innate Abilities, Weirdness & Mutations

You are too large for most types of armour.
You have claws for hands.
Your metabolism is lightning-fast.
You like to eat raw meat.
You heal very quickly.
You are covered in fur (AC +1).
You have very tough skin (AC +2).


Message History

Something hits you but does no damage.
Things that are here:
a dagger of draining; a robe; an orc corpse Something hits you but does no damage.
Things that are here:
a shiny scale mail; a flail of protection; an orc corpse Something hits you.
* * * LOW HITPOINT WARNING * * *
You see here a tomahawk.
Something hits you but does no damage. Something hits you but does no damage.
Something hits you.
* * * LOW HITPOINT WARNING * * *
You start resting.
Something hits you but does no damage. Something hits you but does no damage.
Something hits you but does no damage. Something hits you.
* * * LOW HITPOINT WARNING * * *
Something hits you but does no damage. Something hits you.
You die...

.##.#≈
≈≈.≈.#....................
......
..>.......................
.####
≈≈≈#.#..#.##.##.........#.
.# #.#..####))....).......
.##########.#..#
#[##.###.##.###
...............# #(##.#
#.# # .##########.#.##
#.##.# #.# .#
######.#.#####.##.# ### .#
#..........@.#.##.#### .#
#.####.#.###.#........ .#
#.# #.#.# #...##.#### ##
#.# #.#.# ###.# # # #.#
#.#.# #.# ######.####.#.#
#.# ............#.# #.#
######.######.# #.#
....†......... #.#


There were no monsters in sight!

Vanquished Creatures
  The ghost of Situis the Blocker, a novice MiFi of Okawaru (D:9)
  A hungry ghost (D:7)
  Menkaure (D:4)
  2 orc warriors
  2 phantoms
  3 ogres
  2 centaurs
  A crocodile (D:8)
  A big kobold (D:5)
  5 giant frogs
  A scorpion (D:8)
  9 killer bees
  The ghost of M4edhros the Charlatan, a weakling OpAr of Fedhas (D:4)
  2 crimson imps
  3 hounds
  3 jellies
  A centaur skeleton (D:8)
  5 orc priests
  2 giant frog skeletons (D:7)
  An iguana (D:6)
  6 orc wizards
  2 worker ants
  A killer bee zombie (D:7)
  2 big kobold zombies (Ossuary)
  A hound zombie (D:5)
  3 mummies (Ossuary)
  2 worker ant zombies
  14 gnolls
  10 adders
  2 shadow imps
  A worm zombie (D:5)
  4 adder skeletons
  2 worms
  3 giant geckos
  26 orcs
  2 ball pythons
  6 bats
  4 giant cockroaches
  13 goblins
  7 hobgoblins
  7 jackals
  6 quokkas
  A ball python zombie (D:6)
  4 giant newts
  2 goblin zombies (Ossuary)
  2 hobgoblin zombies (Ossuary)
  A jackal zombie (D:5)
  10 kobolds
  2 kobold zombies (Ossuary)
  A quokka skeleton (D:5)
  A quokka zombie (D:6)
  10 rats
205 creatures vanquished.

Notes
Turn   | Place    | Note
--------------------------------------------------------------
     0 | D:1      | Shaidar413 the Troll Berserker began the quest for the Orb.
     0 | D:1      | Reached XP level 1. HP: 22/22 MP: 0/0
   185 | D:1      | Reached XP level 2. HP: 26/29 MP: 1/1
   998 | D:2      | Reached ** piety under Trog
  1039 | D:2      | Reached XP level 3. HP: 36/36 MP: 2/2
  1362 | D:2      | Reached XP level 4. HP: 14/45 MP: 3/3
  1938 | D:3      | Reached skill level 4 in Unarmed Combat
  2227 | D:3      | Reached XP level 5. HP: 42/53 MP: 4/4
  2379 | D:4      | Reached *** piety under Trog
  2416 | D:4      | Noticed Menkaure
  2428 | D:4      | Killed Menkaure
  2428 | D:4      | Reached XP level 6. HP: 38/61 MP: 5/5
  2499 | D:4      | Noticed M4edhros's ghost (weakling OpAr)
  2500 | D:4      | Found a sparkling altar of Nemelex Xobeh.
  2514 | D:4      | Killed M4edhros's ghost
  2676 | D:4      | Reached skill level 5 in Unarmed Combat
  2719 | D:4      | Found an opulent altar of Gozag.
  2720 | D:4      | Found a radiant altar of Vehumet.
  2789 | D:5      | Entered Level 5 of the Dungeon
  2789 | D:5      | Found a sand-covered staircase.
  2810 | Ossuary  | Entered an ossuary
  3015 | Ossuary  | Reached XP level 7. HP: 41/67 MP: 6/6
  3403 | D:5      | Reached skill level 5 in Dodging
  3728 | D:5      | Reached skill level 6 in Unarmed Combat
  4129 | D:6      | Found a burning altar of Makhleb.
  4423 | D:6      | Reached skill level 1 in Stealth
  4423 | D:6      | Reached XP level 8. HP: 59/78 MP: 7/7
  4439 | D:6      | Reached **** piety under Trog
  4619 | D:6      | Reached skill level 7 in Unarmed Combat
  4879 | D:7      | Found a bloodstained altar of Trog.
  4879 | D:7      | Found a snail-covered altar of Cheibriados.
  4929 | D:7      | Found an iron altar of Okawaru.
  4929 | D:7      | Found a stormy altar of Qazlal.
  4933 | D:7      | Found a sparkling altar of Nemelex Xobeh.
  4975 | D:7      | Found a staircase to the Ecumenical Temple.
  4985 | Temple   | Entered the Ecumenical Temple
  5246 | D:7      | Reached XP level 9. HP: 87/87 MP: 8/8
  5308 | D:7      | Reached skill level 8 in Unarmed Combat
  5677 | D:7      | Reached skill level 5 in Fighting
  6567 | D:9      | Found a staircase to the Orcish Mines.
  6587 | D:9      | Noticed Situis's ghost (novice MiFi)
  6609 | D:9      | Killed Situis's ghost
  6609 | D:9      | Reached skill level 9 in Unarmed Combat
  6755 | D:9      | Reached ***** piety under Trog
  6802 | D:9      | HP: 4/88 [something (7)]
  6807 | D:9      | HP: 1/88 [something (3)]
  6814 | D:9      | HP: 1/88 [something (3)]
  6815 | D:9      | Slain by an unseen horror

Vault maps used:
D:1:      dpeg_arrival_three_same_balls, nrook_loot_triangle, hex_tiny
D:3:      first_bread, kennysheep_generic_room_16
D:4:      gammafunk_temple_overflow_pools, st_stairs_14, lemuel_tele_altar,
          uniq_menkaure
D:5:      kennysheep_six_static_rooms, enter_ossuary_3
D:6:      old_standard_altar
D:7:      minitemple, temple_hall
D:9:      orc_0_dummy, basic_altar, the_bakery
Temple:   chambers_temple_12
Ossuary:  ossuary_crypta

Action                   |  1- 3 |  4- 6 |  7- 9 || total
-------------------------+-------+-------+-------++-------
Melee: Unarmed           |    82 |   180 |   417 ||   679
Invok: Berserk           |       |     1 |     2 ||     3
       Burn Spellbooks   |       |       |     1 ||     1
       Trog's Hand       |       |       |     1 ||     1
  Use: Scroll            |       |    10 |     6 ||    16
       Potion            |       |     1 |     5 ||     6
 Stab: Sleeping          |     1 |       |       ||     1
  Eat: Chunk             |     8 |    14 |    37 ||    59
       Meat ration       |     1 |       |     2 ||     3
       Pizza             |       |       |     1 ||     1
       Beef jerky        |       |       |     1 ||     1
